 Dungeon Crawl Stone Soup version 0.29.1-1-gd02db6906a (webtiles) character file.

Game seed: 18131439296797477316

3077 virigoth the Grappler (level 9, -3/89 HPs)
             Began as a Troll Fighter on Sept 23, 2022.
             Was a Follower of Wu Jian.
             Killed from afar by a steam dragon (13 damage)
             ... with a ball of steam
             ... on level 8 of the Dungeon.
             The game lasted 00:22:24 (6551 turns).

virigoth the Grappler (Troll Fighter)               Turns: 6551, Time: 00:22:24

Health: -3/89      AC:  6    Str: 24    XL:     9   Next: 58%
Magic:  8/8        EV: 10    Int:  8    God:    Wu Jian [*.....]
Gold:   548        SH: 10    Dex: 16    Spells: 8/8 levels left

rFire   . . .      SeeInvis .     - Unarmed
rCold   + . .      Faith    .   b - +0 kite shield
rNeg    + . .      Spirit   .   t - +2 robe {rC+}
rPois   +          Reflect  .   (helmet restricted)
rElec   .          Harm     .   (no cloak)
rCorr   .          Rampage  .   (gloves unavailable)
Will    .....                   (boots unavailable)
Stlth   +.........              d - amulet "Ninoli Hogy" {Acrobat Regen+ Str-2 Dex+7}
HPRegen 1.84/turn               J - ring of poison resistance
MPRegen 0.11/turn               S - ring of positive energy

@: no status effects
A: large, unfitting armour, claws 3, regeneration 1, shaggy fur 1, tough skin 1
a: Renounce Religion


You were on level 8 of the Dungeon.
You worshipped Wu Jian.
Wu Jian was aware of your devotion.
You visited 2 branches of the dungeon, and saw 9 of its levels.

You collected 548 gold pieces.

Inventory:

Missiles
 B - 15 poisoned darts
 K - a throwing net (quivered)
Armour
 a - a +0 robe
 b - a +0 kite shield (worn)
 f - a +2 robe of willpower
 t - a +2 robe of cold resistance (worn)
Magical Staves
 G - a staff of conjuration
Jewellery
 d - the amulet "Ninoli Hogy" (around neck) {Acrobat Regen+ Str-2 Dex+7}
   (You acquired it on level 1 of the Dungeon)

   [amulet of the acrobat]

   It increases your evasion while moving and waiting.
   Str:       It affects your strength (-2).
   Dex:       It affects your dexterity (+7).
   Regen:     It increases your rate of health regeneration.
 D - a +6 ring of intelligence
 F - an amulet of regeneration
 J - a ring of poison resistance (left claw)
 S - a ring of positive energy (right claw)
 Y - an amulet of faith
Wands
 L - a wand of polymorph (23)
 N - a wand of roots (13)
 V - a wand of acid (6)
Scrolls
 H - a scroll of fog {!r}
 I - 3 scrolls of immolation
 P - 6 scrolls of teleportation {!r}
Potions
 c - a potion of might {!q}
 g - a potion of flight
 Q - 4 potions of brilliance
 T - 2 potions of haste {!q}
 U - 2 potions of mutation {unknown}
 W - 2 potions of ambrosia {!q}
 X - 7 potions of curing {!q}
 Z - 2 potions of berserk rage {!q}


   Skills:
 + Level 5.9 Fighting
 + Level 3.9 Dodging
 + Level 6.4 Shields
 * Level 9.4 Unarmed Combat


You had 8 spell levels left.
You didn't know any spells.
Your spell library contained the following spells:

 Spells                   Type           Power      Damage    Failure   Level
 Sandblast                Erth           0%         2d4       67%         1
 Summon Small Mammal      Summ           0%         N/A       67%         1
 Ensorcelled Hibernation  Hex/Ice        0%         N/A       80%         2
 Passwall                 Tmut/Erth      0%         N/A       80%         2
 Call Canine Familiar     Summ           0%         N/A       95%         3
 Frozen Ramparts          Ice            0%         1d1       95%         3
 Spider Form              Tmut/Pois      0%         N/A       95%         3
 Stone Arrow              Conj/Erth      0%         3d7       95%         3
 Summon Guardian Golem    Hex/Summ       0%         N/A       95%         3
 Anguish                  Hex/Necr       0%         N/A       100%        4
 Ice Form                 Ice/Tmut       0%         N/A       100%        4
 Summon Ice Beast         Ice/Summ       0%         N/A       100%        4
 Iskenderun's Battlesphe  Conj           0%         2d6       100%        5
 Iron Shot                Conj/Erth      0%         9d1       100%        6
 Spellforged Servitor     Conj/Summ      0%         N/A       100%        7


Dungeon Overview and Level Annotations

Branches:
Dungeon (8/15)             Temple (1/1) D:5
   Lair: D:8-11

Altars:
Ashenzari
Cheibriados
Dithmenos
Elyvilon
Gozag
Kikubaaqudgha
Makhleb
Nemelex Xobeh
Okawaru
Qazlal
Ru
Sif Muna
Trog
Vehumet
Wu Jian
Yredelemnul
Zin
The Shining One

Annotations:
D:6 2 runed translucent doors, turdburglar's ghost, amateur TrFi
D:8 Erica


Innate Abilities, Weirdness & Mutations

You are too large for most types of armour.
You have claws for hands.
Your natural rate of healing is unusually fast.
You are covered in fur. (AC +1)
You have tough skin. (AC +1)


Message History

Unknown command.
Okay, then.
You scratch the steam dragon.
The steam dragon is lightly wounded.
You are engulfed in a cloud of scalding steam.
* * * LOW HITPOINT WARNING * * *
The hound closely misses you. The hound attacks as you move away!
You block the hound's attack.
You are engulfed in a cloud of scalding steam.
The hound is engulfed in a cloud of scalding steam.
The hound closely misses you.
Things that are here:
a +0 war axe; +0 steam dragon scales; a killer bee corpse The hound is engulfed in a cloud of scalding steam.
The hound completely misses you.
You spin and attack the steam dragon.
You claw the steam dragon!
The steam dragon is heavily wounded.
The steam dragon breathes steam at you. The ball of steam hits you!
* * * LOW HITPOINT WARNING * * *
The hound attacks as you move away! The hound bites you but does no damage.
The steam dragon attacks as you move away!
The steam dragon misses you.
The steam dragon claws you but does no damage.
You are engulfed in a cloud of scalding steam.
* * * LOW HITPOINT WARNING * * *
The hound is engulfed in a cloud of scalding steam. x2
The hound closely misses you.
Really walk into that cloud of steam?
You spin and attack the hound.
You barely miss the hound.
The hound is almost dead.
You are engulfed in a cloud of scalding steam.
* * * LOW HITPOINT WARNING * * *
The hound is engulfed in a cloud of scalding steam.
The hound dies!
There is a stone staircase leading up, spattered with blood here.
You are engulfed in a cloud of scalding steam.
The steam dragon breathes steam at you. The ball of steam hits you!
You die...

............)..#.......
.............¤.........
......................
#[..#....¤...#.......
####..####¤..###.......
.......¤¤¤..## .......
..####.#.¤¤..## #######
.........¤¤D.¤#
.#....†)##T.##
.........##........
.........##.#######
.........##..
.............
######..#.....
##.#>.... #........ #.
...


You could see a steam dragon (catching breath).

Vanquished Creatures
  A two-headed ogre (D:8)
  Maggie (D:8)
  Grinder (D:5)
  Sigmund (D:3)
  A water moccasin (D:7)
  2 black bears
  An ice beast (D:5)
  2 wolves
  A centaur (D:6)
  A phantom (D:6)
  A bullfrog (D:7)
  3 scorpions
  A gnoll sergeant (D:8)
  3 killer bees (D:8)
  2 howler monkeys
  A hound (D:8)
  2 jellies (D:6)
  2 orc priests
  2 iguanas
  6 orc wizards
  Robin (D:3)
  6 gnolls
  8 adders
  3 white imps
  An ufetubus (D:6)
  A worm (D:2)
  6 dart slugs
  22 orcs
  5 bats
  7 endoplasms
  A giant cockroach (D:3)
  20 goblins
  11 hobgoblins
  6 kobolds
  5 quokkas
  4 ball pythons
  7 frilled lizards
  5 rats
154 creatures vanquished.

Vanquished Creatures (others)
  A hound (D:8)
  A demonic plant (D:1)
2 creatures vanquished.

Grand Total: 156 creatures vanquished

Notes
Turn   | Place    | Note
-------+----------+-------------------------------------------
     0 | D:1      | virigoth the Troll Fighter began the quest for the Orb.
     0 | D:1      | Reached XP level 1. HP: 22/22 MP: 0/0
   147 | D:1      | Reached XP level 2. HP: 29/29 MP: 1/1
   353 | D:1      | Found a faded altar of an unknown god.
   353 | D:1      | Noticed a crimson imp
   742 | D:2      | Reached XP level 3. HP: 36/36 MP: 2/2
   785 | D:2      | Reached skill level 3 in Unarmed Combat
   875 | D:1      | Identified a scroll of acquirement
   875 | D:1      | Acquired the amulet "Ninoli Hogy" {Acrobat Regen+ Str-2
                  | Dex+7}
  1418 | D:2      | Reached XP level 4. HP: 44/44 MP: 3/3
  1652 | D:3      | Noticed Sigmund
  1670 | D:3      | Killed Sigmund
  1671 | D:3      | Reached skill level 4 in Unarmed Combat
  1671 | D:3      | Reached XP level 5. HP: 53/53 MP: 4/4
  2063 | D:3      | Noticed Robin
  2083 | D:3      | Killed Robin
  2084 | D:3      | Reached XP level 6. HP: 60/61 MP: 5/5
  2493 | D:3      | Found a burning altar of Makhleb.
  2823 | D:4      | Found a glowing golden altar of the Shining One.
  2828 | D:5      | Entered Level 5 of the Dungeon
  2829 | D:5      | Noticed an ice beast
  2937 | D:4      | Reached skill level 5 in Unarmed Combat
  3525 | D:5      | Reached XP level 7. HP: 68/68 MP: 6/6
  3580 | D:5      | Found a staircase to the Ecumenical Temple.
  3589 | Temple   | Entered the Ecumenical Temple
  3798 | Temple   | Became a worshipper of the Wu Jian Council
  3807 | D:5      | Noticed Grinder
  3825 | D:5      | Reached skill level 6 in Unarmed Combat
  3839 | D:5      | Killed Grinder
  4167 | D:5      | Reached XP level 8. HP: 79/79 MP: 7/7
  4195 | D:6      | Found a broken altar of Ashenzari.
  4326 | D:5      | Reached skill level 5 in Shields
  4438 | D:6      | Reached skill level 7 in Unarmed Combat
  4488 | D:6      | Found a runed translucent door.
  4507 | D:6      | Noticed turdburglar's ghost (amateur TrFi)
  5063 | D:6      | Reached * piety under Wu Jian
  5065 | D:6      | Reached skill level 5 in Fighting
  5282 | D:6      | Found a runed translucent door.
  5826 | D:7      | Darkkill: hey
  5910 | D:7      | Reached skill level 8 in Unarmed Combat
  6137 | D:7      | Identified the +8 plate armour of the Snail {+Inv rCorr
                  | Dex+9 Stlth-}
  6260 | D:8      | Noticed a troll
  6263 | D:8      | Reached XP level 9. HP: 47/88 MP: 8/8
  6263 | D:8      | Noticed Maggie
  6311 | D:8      | Noticed a two-headed ogre
  6321 | D:8      | Found a white marble altar of Elyvilon.
  6326 | D:8      | Killed a two-headed ogre
  6327 | D:8      | Reached skill level 9 in Unarmed Combat
  6387 | D:8      | Noticed Erica
  6541 | D:8      | Killed Maggie
  6550 | D:8      | HP: 7/89 [steam dragon] (10)]
  6551 | D:8      | Killed from afar by a steam dragon

Illustrated notes

Levels and vault maps discovered:
D:1:      minmay_arrival_four_loops, layout_loops_ring,
          dreamdust_ecumenical_altar_sealed_demon, grunt_decor_resistance
D:2:      cheibrodos_greedy_goblins, layout_loops_cross, minmay_tromino_v4_c
D:3:      layout_basic, lightli_temple_of_fire, grunt_ministairs_15, uniq_robin,
          uniq_sigmund
D:4:      layout_loops_ring, tso_metal_star
D:5:      layout_basic, minmay_temple_entry_statues_fountains,
          corexii_corridor_pit, serial_park_tiny_2, uniq_grinder
D:6:      layout_basic, mainiacjoe_overflow_tiny_flanked, ebering_ghost_sewer_f,
          minivault_10
D:7:      layout_loops_cross
D:8:      layout_rooms, mainiacjoe_overflow_paths, erik_lair_island,
          hangedman_decor_peaks_small, uniq_maggie, uniq_erica
Temple:   eino_narrow_crystal_temple

Skill      XL: |  1  2  3  4  5  6  7  8  9 |
---------------+----------------------------+-----
Shields        | 3 4 5 6 |  6.4
Unarmed Combat | 3 4 5 6 8 9 |  9.4
Fighting       | 3 4 5 |  5.9
Dodging        | 3 |  3.9

Action                   |  1- 3 |  4- 6 |  7- 9 || total
-------------------------+-------+-------+-------++-------
Melee: Unarmed           |    99 |   147 |   230 ||   476
Invok: Lunge             |       |       |    14 ||    14
       Whirlwind         |       |       |    16 ||    16
  Use: Scroll            |     5 |       |    14 ||    19
       Potion            |       |       |     1 ||     1
 Stab: Sleeping          |     3 |     3 |     3 ||     9
       Distracted        |     1 |       |       ||     1
Armor: Robe              |    25 |    33 |    94 ||   152
Dodge: Dodged            |    26 |    41 |    96 ||   163
Block: Kite shield       |    33 |    55 |   118 ||   206
